 Seeded DCSS version 0.29.1-15-g9cfb28693d (webtiles) character file.

Game seed: 16812088435827037613 (custom seed)

1 Psyclone the Stinger (level 1, -3/11 HPs)
             Began as an Octopode Venom Mage on Sept 26, 2023.
             Slain by a kobold
             ... wielding a +0 whip
              (5 damage)
             ... on level 1 of the Dungeon.
             The game lasted 00:00:28 (95 turns).

Psyclone the Stinger (Octopode Venom Mage)            Turns: 95, Time: 00:00:28

Health: -3/11      AC:  1    Str:  7    XL:     1   Next: 20%
Magic:  0/3        EV: 13    Int: 17    God:
Gold:   0          SH:  0    Dex: 18    Spells: 3/4 levels left

rFire   . . .      SeeInvis .   d - +0 dagger
rCold   . . .      Faith    .   (no shield)
rNeg    . . .      Spirit   .   (helmet restricted)
rPois   .          Reflect  .   (no amulet)
rElec   .          Harm     .   c - +6 ring of dexterity
rCorr   .          Rampage  .   (no ring)
Will    .....                   (no ring)
Stlth   +++.......              (no ring)
HPRegen 0.03/turn               (no ring)
MPRegen 0.08/turn               (no ring)
                                (no ring)
                                (no ring)

@: no status effects
A: almost no armour, amphibious, 8 rings, camouflage 1, gelatinous body 1,
(nimble swimmer 1), tentacles
a: no special abilities


You were on level 1 of the Dungeon.
You visited 1 branch of the dungeon, and saw 1 of its levels.

Inventory:

Hand Weapons
 d - a +0 dagger (weapon)
Jewellery
 c - a +6 ring of dexterity (left tentacle)
Potions
 a - a potion of magic
 b - a potion of lignification {unknown}


   Skills:
 - Level 2.0 Dodging
 - Level 2.6 Stealth
 - Level 2.0 Spellcasting
 - Level 1.0 Transmutations
 + Level 3.7 Poison Magic


You had 3 spell levels left.
You knew the following spells:

 Your Spells              Type           Power      Damage    Failure   Level
a - Sting                 Tmut/Pois      36%        1d4       8%          1

Your spell library contained the following spells:

 Spells                   Type           Power      Damage    Failure   Level
 Poisonous Vapours        Pois/Air       16%        N/A       14%         2
 Mephitic Cloud           Conj/Pois/Air  5%         N/A       34%         3
 Olgreb's Toxic Radiance  Pois           14%        N/A       38%         4


Dungeon Overview and Level Annotations

Branches:
Dungeon (1/15) Zot: 5905

Altars:


Innate Abilities, Weirdness & Mutations

You cannot wear most types of armour.
You are amphibious.
You can wear up to eight rings at the same time.
Your skin changes colour to match your surroundings (Stealth+).
Your rubbery body absorbs attacks. (AC +1, EV +1)
((You are camouflaged when in or above water. (Stealth+)))
You have tentacles for arms and can constrict up to eight enemies at once.


Message History

You take 3 damage, and have 7/11 hp.
MASSIVE DAMAGE!!
You now have 0/3 mp.
Casting: Sting (safe; 8% risk of failure)
Confirm with . or Enter, or press ? or * to list all spells.
You don't have enough magic to cast this spell.
Unknown command.
You tentacle-slap the goblin.
You kill the goblin!
The kobold throws a stone.
The stone hits you.
You take 2 damage, and have 5/11 hp.
A goblin comes into view. It is wielding a +0 dagger.
You see here a +0 dagger.
d - a +0 dagger Your magical contamination has completely faded away.
The kobold throws a stone.
The stone barely misses you.
The kobold throws a stone.
The stone closely misses you.
d - a +0 dagger (weapon)
Casting: Sting (safe; 8% risk of failure)
Confirm with . or Enter, or press ? or * to list all spells.
Aiming: Sting (safe; 8% risk of failure)
Press: ? - help, Shift-Dir - straight line, f - kobold
Aim: a kobold, wielding a +0 whip and quivering stones (60% to hit)
The sting misses the kobold.
The kobold throws a stone.
The stone closely misses you.
You now have 0/3 mp.
Casting: Sting (safe; 8% risk of failure)
Confirm with . or Enter, or press ? or * to list all spells.
You don't have enough magic to cast this spell.
Unknown command.
The kobold throws a stone.
The stone closely misses you. The kobold hits you but does no damage.
You hit the kobold but do no damage. You grab the kobold.
Your squeeze misses the kobold. You constrict the kobold.
The kobold hits you with a +0 whip.
* * * LOW HITPOINT WARNING * * *
You take 3 damage, and have 2/11 hp.
MASSIVE DAMAGE!!
You hit the kobold.
The kobold is heavily wounded.
You constrict the kobold, but do no damage.
The kobold hits you with a +0 whip.
You die...

♣♣♣♣ ######## ♣..♣
#....#.. ♣♣♣..♣ #.<..'.8
♣....♣ #....#.. #
♣♣...♣♣♣#....#.. #.
#♣......♣###..#.. #.
#.........♣####.. #..
###.........♣♣♣##.. #..#
#.@............♣###
##...##K######♣.♣....♣♣♣#
##.# #.....# #####......
#..# #.##### ###♣♣♣.
#.###.# ♣♣ #....## #
#K#### #.##.####
######.#...g.#


You could see a kobold.

Vanquished Creatures
  A goblin (D:1)
1 creature vanquished.

Notes
Turn   | Place    | Note
-------+----------+-------------------------------------------
     0 | D:1      | Psyclone the Octopode Venom Mage began the quest for the
                  | Orb.
     0 | D:1      | Reached XP level 1. HP: 11/11 MP: 3/3
    95 | D:1      | Slain by a kobold

Illustrated notes

Levels and vault maps discovered:
D:1:      sevenhm_arrival_forest_fort_large_2, layout_loops_corners,
          serial_shops, shop, minivault_27

Action                   || total
-------------------------++-------
Melee: Dagger            ||     2
       Unarmed           ||     1
       Constrict         ||     1
 Cast: Sting             ||     3
Armor: Skin              ||     1
Dodge: Dodged            ||     5
